 Dungeon Crawl Stone Soup version 0.19.0-18-g426998a (webtiles) character file.

22482 MovingMist the Blocker (level 12, -1/100 HPs)
             Began as a Minotaur Fighter on Nov 11, 2016.
             Was a High Priest of Hepliaklqana.
             Slain by a hill giant
             ... wielding a +0 giant spiked club
              (26 damage)
             ... on level 1 of the Orcish Mines.
             The game lasted 00:44:10 (11040 turns).

MovingMist the Blocker (Minotaur Fighter)          Turns: 11040, Time: 00:44:11

Health: -1/100     AC: 23    Str: 24    XL:     12   Next: 63%
Magic:  11/11      EV:  5    Int:  5    God:    Hepliaklqana [*****.]
Gold:   621        SH: 20    Dex: 15    Spells: 1 memorised, 8 levels left

rFire  . . .     SeeInvis .     y - +2 scimitar (flame)
rCold  . . .     Gourm    .     X - +1 plate armour {rPois}
rNeg   . . .     Faith    .     n - +0 large shield
rPois  +         Spirit   .     (helmet restricted)
rElec  .         Reflect  .     Q - +2 cloak {+Inv}
rCorr  +         Harm     .     b - +0 pair of gloves
MR     .....     Rnd*Tele +     (no boots)
Stlth  ..........               U - amulet of regeneration
                                M - ring of resist corrosion
                                v - +3 ring of dexterity

@: no status effects
A: retaliatory headbutt, reduced essence, horns 2, thin metallic scales 1,
mutation resistance 1, teleportitis 1
a: Recall Ancestor, Ancestor Identity, Transference, Idealise, Renounce
Religion, Evoke Invisibility


You were on level 1 of the Orcish Mines.
You worshipped Hepliaklqana.
Hepliaklqana was extremely pleased with you.
You were not hungry.

You visited 2 branches of the dungeon, and saw 13 of its levels.
You also visited: Sewer.

You collected 786 gold pieces.
You spent 165 gold pieces at shops.

Inventory:

Hand Weapons
 y - a +2 scimitar of flaming (weapon)
Missiles
 A - 2 throwing nets (quivered)
Armour
 b - a +0 pair of gloves (worn)
 n - a +0 large shield (worn)
 Q - a +2 cloak of invisibility (worn)
 X - a +1 plate armour of poison resistance (worn)
Jewellery
 v - a +3 ring of dexterity (left hand)
 K - an uncursed ring of stealth
 M - a ring of resist corrosion (right hand)
 N - an uncursed ring of protection from cold
 T - an uncursed ring of magical power
 U - an amulet of regeneration (around neck)
Wands
 z - a wand of lightning (12/15)
 F - a wand of lightning (10/15)
 H - a wand of iceblast (8/15)
 L - a wand of polymorph (6/24)
Scrolls
 k - 6 scrolls of recharging
 p - 4 scrolls of amnesia {unknown}
 q - 2 scrolls of random uselessness {unknown}
 t - 4 scrolls of noise
 u - 4 scrolls of enchant armour
 B - 2 scrolls of magic mapping {unknown}
 C - 2 scrolls of fear
 E - a scroll of immolation {unknown}
 G - 2 scrolls of teleportation {unknown}
 J - 5 scrolls of remove curse
 O - a scroll of fog {unknown}
 P - a scroll of brand weapon {unknown}
Potions
 c - 2 potions of cure mutation
 d - a potion of might
 e - 4 potions of curing
 g - 2 potions of berserk rage
 h - 2 potions of ambrosia
 j - 3 potions of magic {unknown}
 l - 5 potions of brilliance {unknown}
 r - 2 potions of degeneration {unknown}
 s - a potion of flight
 w - 4 potions of lignification {unknown}
 x - a potion of resistance
 D - 3 potions of heal wounds {unknown}
 I - a potion of agility {unknown}
 V - a potion of cancellation {unknown}
Books
 R - a book of Necromancy

   Spells                             Type                      Level
   a - Pain                           Necromancy                   1
   b - Animate Skeleton               Necromancy                   1
   c - Vampiric Draining              Necromancy                   3
   d - Regeneration                   Charms/Necromancy            3
   e - Animate Dead                   Necromancy                   4
   f - Control Undead                 Necromancy                   4
Comestibles
 a - 6 chunks of flesh
 f - 5 bread rations
 i - 8 royal jellies
 m - 6 meat rations
 o - 4 fruits
 S - a slice of pizza


   Skills:
 + Level 12.0 Fighting
 * Level 12.2 Long Blades
 + Level 12.0 Armour
 + Level 14.9 Shields
 - Level 0.5 Charms


You had 8 spell levels left.
You knew the following spells:

 Your Spells              Type           Power        Failure   Level  Hunger
a - Regeneration          Chrm/Necr      #.........   100%        3    ####...


Dungeon Overview and Level Annotations

Branches:
Dungeon (12/15)            Temple (0/1) D:6            Lair (0/6) D:8
    Orc (1/2) D:9

Altars:
Cheibriados
Fedhas
Hepliaklqana
Kikubaaqudgha
Nemelex Xobeh
Okawaru
Xom
Yredelemnul
Zin

Shops:
D:4 (   D:7 [   D:11 *(*!?


Innate Abilities, Weirdness & Mutations

You reflexively headbutt those who attack you in melee.
You have a pair of horns on your head.
Your life essence is reduced. (-10% HP)
You are partially covered in thin metallic scales. (AC +2)
You are somewhat resistant to further mutation.
You are occasionally teleported next to monsters.


Message History

You barely miss the hill giant.
The hill giant is severely wounded.
You block the hill giant's attack.
Your plate armour prevents you from hitting the hill giant.
You headbutt the hill giant.
The hill giant is severely wounded.
You block the hill giant's attack.
You slash the hill giant! You burn the hill giant!
You kill the hill giant!
Your Fighting skill increases to level 12!
You slash the hill giant! You burn the hill giant. You headbutt the hill giant.
The hill giant is moderately wounded.
You block the hill giant's attack.
You slash the hill giant! You burn the hill giant. You headbutt the hill giant!
The hill giant is almost dead.
You block the hill giant's attack.
You slash the hill giant! You burn the hill giant.
The hill giant is almost dead.
The hill giant hits you with a giant spiked club!!
You die...

.##.#### #.........##
..#..##.##..........#
..#...##.....#......##
.......#....C#..))...##
.C..#......######.....#
)...#.##.....##......##
(...####......#......#
....# #.......CCC).##
.(..# ##.......@..##
....# #........### ....#
##......### ....#
####.......# ....#
##.##.......###
....###..(..........#
....##.......#......###
....#......#.###......##
...........#####.......#


You could see 3 hill giants.

Vanquished Creatures
  Gastronok (D:8)
  Pikel (D:8)
  7 hill giants
  2 orc knights
  An orc sorcerer (Orc:1)
  2 cyclopes (Orc:1)
  Maurice (Orc:1)
  2 centaur skeletons
  A yaktaur (D:12)
  A queen bee (D:12)
  2 trolls (D:11)
  Prince Ribbit (D:7)
  3 slime creatures (D:12)
  Grinder (D:4)
  4 two-headed ogres
  2 hippogriffs
  A wraith (D:9)
  11 yaks
  A warg (D:11)
  The ghost of Mlkhall the Magician, an amateur DEWz (D:3)
  A water moccasin (D:9)
  The ghost of Lluna the Sneak, an amateur SpAs (D:5)
  An ice beast (D:9)
  2 sky beasts
  2 slaves (D:8)
  9 orc warriors
  A black bear (D:10)
  7 ogres
  An eye of draining (D:10)
  2 wolves (Orc:1)
  7 centaurs
  A necrophage (D:9)
  A crocodile (D:8)
  An elf zombie (D:9)
  6 bullfrogs
  6 big kobolds
  2 scorpions (D:4)
  13 killer bees (D:12)
  A howler monkey (D:6)
  10 wights
  3 crimson imps
  A bullfrog zombie (D:12)
  8 orc priests
  5 hounds
  A bullfrog skeleton (D:5)
  4 human zombies (D:9)
  2 jellies (D:8)
  7 orc wizards
  A human skeleton (D:9)
  3 iguanas
  Ijyb (D:2)
  6 worker ants
  A hound zombie (D:7)
  3 hound skeletons
  2 mummies (D:9)
  A worker ant zombie (D:7)
  16 adders
  2 river rats
  A shadow imp (D:11)
  4 oozes
  2 adder skeletons
  2 adder zombies
  3 worms
  3 dart slugs
  3 leopard geckos
  44 orcs
  4 ball pythons
  9 bats
  4 giant cockroaches
  4 goblins
  6 hobgoblins
  5 jackals
  13 kobolds
  6 quokkas
  7 frilled lizards
  A hobgoblin zombie (D:5)
  A leopard gecko skeleton (D:4)
  20 rats
330 creatures vanquished.

Vanquished Creatures (collateral kills)
  Erica (D:8)
  A slime creature (D:12)
  A troll (D:10)
  2 yaks
  Duvessa (D:6)
  An ice beast (D:8)
  An ogre (Orc:1)
  A phantom (D:5)
  A wolf (Orc:1)
  A centaur (D:11)
  A big kobold (Sewer)
  Dowan (D:6)
  A killer bee (D:12)
  A wight (D:12)
  A hound (D:4)
  A human zombie (D:9)
  2 jellies
  An orc priest (D:9)
  3 orc wizards
  A worker ant (D:12)
  3 adders
  An ooze (Sewer)
  8 orcs
  A bat (D:3)
  A jackal (D:7)
  3 kobolds
  2 rats (Sewer)
  A plant (D:8)
44 creatures vanquished.

Vanquished Creatures (others)
  9 hexers
  An orc (D:8)
  5 fungi (D:8)
15 creatures vanquished.

Grand Total: 389 creatures vanquished

Notes
Turn   | Place    | Note
-------+----------+-------------------------------------------
     0 | D:1      | MovingMist the Minotaur Fighter began the quest for the Orb.
     0 | D:1      | Reached XP level 1. HP: 19/19 MP: 0/0
   203 | D:1      | Reached skill level 4 in Shields
   228 | D:1      | Reached XP level 2. HP: 27/27 MP: 1/1
   750 | D:2      | Noticed Ijyb
   769 | D:2      | Killed Ijyb
   769 | D:2      | Reached XP level 3. HP: 30/33 MP: 2/2
   885 | D:2      | Found a hazy altar of Hepliaklqana.
   886 | D:2      | Found a shimmering altar of Xom.
   886 | D:2      | Noticed a yak
   887 | D:2      | Noticed a yak
   887 | D:2      | Noticed a spectral ugly thing
   911 | D:2      | Became a worshipper of Hepliaklqana the Forgotten
   943 | D:2      | Found a faded altar of an unknown god.
   947 | D:2      | Reached XP level 4. HP: 26/36 MP: 3/3
  1487 | D:3      | Noticed Mlkhall's ghost (amateur DEWz)
  1505 | D:3      | Killed Mlkhall's ghost
  1505 | D:3      | Reached skill level 5 in Shields
  1505 | D:3      | Reached XP level 5. HP: 31/42 MP: 4/4
  2063 | D:4      | Noticed Grinder
  2070 | D:4      | Killed Grinder
  2070 | D:4      | Reached skill level 5 in Fighting
  2070 | D:4      | Reached skill level 5 in Armour
  2070 | D:4      | Reached skill level 6 in Shields
  2070 | D:4      | Reached XP level 6. HP: 32/50 MP: 5/5
  2136 | D:4      | Reached XP level 7. HP: 6/54 MP: 6/6
  2252 | D:4      | Found Saekhlyobb's Antique Weapon Emporium.
  2405 | D:4      | Found a glowing drain.
  2424 | Sewer    | Entered a sewer
  2501 | Sewer    | Reached * piety under Hepliaklqana
  2523 | Sewer    | Reached skill level 7 in Shields
  2593 | Sewer    | Reached skill level 5 in Long Blades
  2912 | Sewer    | Reached XP level 8. HP: 61/63 MP: 7/7
  3251 | D:5      | Entered Level 5 of the Dungeon
  3261 | D:5      | Reached skill level 8 in Shields
  3361 | D:5      | Found an iron altar of Okawaru.
  3361 | D:5      | Found a snail-covered altar of Cheibriados.
  3464 | D:5      | Found a sparkling altar of Nemelex Xobeh.
  3806 | D:5      | Reached ** piety under Hepliaklqana
  3807 | D:5      | Remembered your ancestor Tertia as a hexer
  3919 | D:5      | Got a slimy ruby amulet
  3931 | D:5      | Noticed Lluna's ghost (amateur SpAs)
  3941 | D:5      | Killed Lluna's ghost
  3941 | D:5      | Reached skill level 9 in Shields
  3989 | D:5      | Identified the amulet of the Tick {Harm *Drain +Blink rElec Str+2 Slay-6} (You found it on level 5 of the Dungeon)
  4191 | D:6      | Noticed Dowan
  4195 | D:6      | Noticed Duvessa
  4216 | D:6      | Killed Dowan
  4228 | D:6      | Killed Duvessa
  4228 | D:6      | Reached XP level 9. HP: 52/71 MP: 8/8
  4335 | D:6      | Found a glowing silver altar of Zin.
  4732 | D:6      | Found a staircase to the Ecumenical Temple.
  4774 | D:6      | Reached skill level 10 in Shields
  5522 | D:7      | Reached *** piety under Hepliaklqana
  5680 | D:7      | Found a snail-covered altar of Cheibriados.
  5831 | D:7      | Found Karoizio's Armour Boutique.
  5957 | D:7      | Noticed Prince Ribbit
  6130 | D:7      | Killed Prince Ribbit
  6160 | D:8      | Noticed Erica
  6168 | D:8      | Killed Erica
  6168 | D:8      | Reached skill level 11 in Shields
  6168 | D:8      | Reached XP level 10. HP: 69/81 MP: 9/9
  6192 | D:8      | Noticed Pikel
  6227 | D:8      | Killed Pikel
  6262 | D:8      | Found a staircase to the Lair.
  6636 | D:8      | Reached **** piety under Hepliaklqana
  6759 | D:8      | Noticed Gastronok
  6776 | D:8      | Killed Gastronok
  6776 | D:8      | Reached skill level 12 in Shields
  7343 | D:9      | Found a staircase to the Orcish Mines.
  7442 | D:9      | Reached skill level 10 in Armour
  7503 | D:9      | Found an ancient bone altar of Kikubaaqudgha.
  7503 | D:9      | Found a blossoming altar of Fedhas.
  7517 | D:9      | Reached XP level 11. HP: 77/89 MP: 10/10
  7603 | D:9      | Reached skill level 10 in Fighting
  7650 | D:9      | Found a basalt altar of Yredelemnul.
  7740 | D:10     | Entered Level 10 of the Dungeon
  7746 | D:10     | Reached skill level 13 in Shields
  7932 | D:10     | Gained mutation: You are somewhat resistant to further mutation. [mutagenic meat]
  7937 | D:10     | Gained mutation: You are occasionally teleported next to monsters. [mutagenic meat]
  8243 | D:10     | Noticed a hill giant
  8251 | D:10     | Killed a hill giant
  8448 | D:10     | Reached skill level 10 in Long Blades
  8702 | D:11     | Found Vepopsem's Magic Scroll Emporium.
  8709 | D:11     | Bought a scroll of identify for 30 gold pieces
  8709 | D:11     | Bought a scroll of identify for 30 gold pieces
  8709 | D:11     | Bought a scroll of identify for 30 gold pieces
  8709 | D:11     | Bought a scroll of identify for 30 gold pieces
  8737 | D:11     | Noticed a hill giant
  8744 | D:11     | Killed a hill giant
  8792 | D:11     | Found Vimnor's Assorted Antiques.
  8836 | D:11     | Found Teshrud's Distillery.
  8841 | D:11     | Bought a potion of mutation for 45 gold pieces
  8841 | D:11     | Gained mutation: You are partially covered in thin metallic scales. (AC +2) [potion of mutation]
  8865 | D:11     | Found Ysui's Antique Weapon Shoppe.
  8865 | D:11     | Reached ***** piety under Hepliaklqana
  8944 | D:11     | Found Beaf Doc's General Store.
  8961 | D:11     | Learned a level 3 spell: Regeneration
  8978 | D:11     | Noticed an orc knight
  9004 | D:11     | Killed an orc knight
  9004 | D:11     | Reached skill level 14 in Shields
  9362 | D:11     | Noticed a hill giant
  9371 | D:11     | Killed a hill giant
  9465 | D:12     | Reached XP level 12. HP: 96/99 MP: 11/11
 10589 | Orc:1    | Entered Level 1 of the Orcish Mines
 10953 | Orc:1    | Noticed Maurice
 10959 | Orc:1    | Killed Maurice
 11040 | Orc:1    | Slain by a hill giant

Skill      XL: |  1  2  3  4  5  6  7  8  9 10 11 12 |
---------------+-------------------------------------+-----
Shields        | 4 5 6 7 9 11 12 14 | 14.9
Fighting       | 4 5 6 7 8 9 11 12 | 12.0
Armour         | 4 5 6 7 8 10 11 12 | 12.0
Long Blades    | 3 4 5 6 8 9 10 12 | 12.2
Charms         | |  0.5

Action                   |  1- 3 |  4- 6 |  7- 9 | 10-12 || total
-------------------------+-------+-------+-------+-------++-------
Melee: Long sword        |    75 |    92 |   371 |    34 ||   572
       Headbutt          |    11 |    20 |    89 |   173 ||   293
       Scimitar          |       |       |       |   629 ||   629
Invok: Recall Ancestor   |       |     1 |       |     1 ||     2
       Ancestor Life: He |       |       |     1 |       ||     1
  Use: Scroll            |       |     5 |     4 |     7 ||    16
       Potion            |       |       |       |     3 ||     3
 Stab: Distracted        |       |       |     3 |     4 ||     7
       Confused          |       |       |     1 |     1 ||     2
  Eat: Chunk             |       |     3 |    13 |    23 ||    39
       Beef jerky        |       |     1 |       |       ||     1
Armor: Scale mail        |    30 |    25 |       |       ||    55
       Chain mail        |       |     8 |   113 |       ||   121
       Plate armour      |       |       |     4 |   220 ||   224
Dodge: Dodged            |    23 |    21 |    59 |    70 ||   173
Block: Shield            |    47 |    38 |    95 |       ||   180
       Large shield      |       |       |   114 |   623 ||   737
       Rpst.: Long sword |     4 |     6 |    13 |       ||    23
       Scimitar          |       |       |       |    17 ||    17
